 Dungeon Crawl Stone Soup version 0.21.1-1-g345015f (webtiles) character file.

130 Mgcat the Ruffian (level 4, 0/42 HPs)
             Began as a Troll Transmuter on Feb 6, 2018.
             Killed by nerve-wracking pain
             ... invoked by an orc priest
              (3 damage)
             ... on level 2 of the Dungeon.
             The game lasted 00:03:53 (1400 turns).

Mgcat the Ruffian (Troll Transmuter)                Turns: 1400, Time: 00:03:54

Health: 0/42       AC:  5    Str: 18    XL:     4   Next: 89%
Magic:  5/5        EV:  9    Int: 10    God:
Gold:   87         SH:  0    Dex: 10    Spells: 0/6 levels left

rFire    . . .     SeeInvis .     - Unarmed
rCold    . . .     Gourm    +   (no shield)
rNeg     . . .     Faith    .   b - +0 robe
rPois    .         Spirit   .   (helmet restricted)
rElec    .         Reflect  .   (no cloak)
rCorr    .         Harm     .   (gloves unavailable)
MR       .....                  (boots unavailable)
Stlth    +.........             (no amulet)
HPRegen  0.54/turn              (no ring)
MPRegen  0.09/turn              (no ring)

@: drained
A: large, unfitting armour, claws 3, fast metabolism 3, gourmand, regeneration
1, shaggy fur 1, tough skin 2
a: no special abilities


You were on level 2 of the Dungeon.
You were very full.

You visited 1 branch of the dungeon, and saw 2 of its levels.

You collected 87 gold pieces.

Inventory:

Missiles
 a - 12 arrows
 g - a throwing net {=f, !d}
Armour
 b - a +0 robe (worn)
Scrolls
 e - 2 scrolls of immolation {unknown}
 f - a scroll of enchant armour {unknown}
 j - a scroll of remove curse {unknown}
 k - a scroll of blinking {unknown}
 l - a scroll of random uselessness {unknown}
Potions
 i - a potion of heal wounds {unknown}
Books
 c - a book of Changes
Comestibles
 d - 2 rations
 h - 4 chunks of flesh {@w0}


   Skills:
 + Level 1.9(1.4) Fighting
 - Level 1.5(1.0) Dodging
 + Level 3.8(3.2) Unarmed Combat
 + Level 1.9(1.3) Spellcasting
 + Level 2.2(1.6) Transmutations
 + Level 0.2(0.0) Poison Magic


You couldn't memorise any spells.
You knew the following spells:

 Your Spells              Type           Power        Failure   Level  Hunger
a - Beastly Appendage     Tmut           #.....       17%         1    ##.....
b - Sticks to Snakes      Tmut           #.......     26%         2    ###....
c - Spider Form           Tmut/Pois      #.........   56%         3    ####...


Dungeon Overview and Level Annotations

Branches:
Dungeon (2/15)

Altars:
Elyvilon


Innate Abilities, Weirdness & Mutations

You are too large for most types of armour.
You have claws for hands.
Your metabolism is lightning-fast.
You like to eat raw meat.
Your natural rate of healing is unusually fast.
You are covered in fur. (AC +1)
You have very tough skin. (AC +2)


Message History

The kobold hits you.
You scratch the kobold.
You kill the kobold!
No target in view!
No target in view!
You see here 3 stones.
A kobold comes into view. It is wielding a short sword.
The kobold shouts!
A goblin comes into view.
The goblin shouts!
You claw the goblin!
You kill the goblin!
You claw the kobold!
You kill the kobold!
No target in view!
No target in view!
Things that are here:
a short sword; a kobold corpse; a goblin corpse You butcher the goblin corpse.
h - 15 chunks of flesh {@w0} (gained 2)
Things that are here:
a short sword; a kobold corpse
Things that are here:
a short sword; a kobold corpse
Found a stone staircase leading down.
Eating one of 15 chunks of flesh {@w0}.
You eat one of the 15 chunks of flesh {@w0}.
This raw flesh tastes great.
Found a white marble altar of Elyvilon.
You see here 18 stones.
You see here 2 stones.
You see here a club.
An orc comes into view. It is wielding a mace.
An orc is nearby! 2 orcs come into view.
An orc and 2 orc priests come into view.
The orc shouts! x2; The orc priest shouts!
The orc priest mumbles some strange prayers to Beogh against you.
Pain shoots through your body!
The orc priest looks satisfied for a moment.
An orc comes into view.
You are too injured to fight recklessly!
Some of the chunks of flesh in your inventory have rotted away.
Casting: Beastly Appendage
Confirm with . or Enter, or press ? or * to list all spells.
You grow a pair of large bovine horns.
You claw the orc!
You kill the orc!
Your transformation is almost over.
You scratch the orc. Your headbutt misses the orc.
The orc is heavily wounded.
You scratch the orc but do no damage.
You kill the orc!
The orc priest looks encouraged for a moment.
The orc throws a tomahawk.
The tomahawk hits you but does no damage.
The orc priest invokes the aid of Beogh against you.
Beogh smites you!
You hear a shout!
You scratch the orc priest.
The orc priest is lightly wounded.
The orc priest hits you.
You claw the orc priest!
The orc priest is severely wounded.
You scratch the orc priest.
The orc priest is almost dead.
The orc priest hits you. The orc priest hits you with a flail.
* * * LOW HITPOINT WARNING * * *
Okay, then.
You barely miss the orc priest.
The orc priest is almost dead.
The orc priest barely misses you.
The orc priest hits you but does no damage.
Some of the chunks of flesh in your inventory have rotted away.
You closely miss the orc priest. Your headbutt misses the orc priest.
The orc priest is almost dead.
The orc priest hits you.
* * * LOW HITPOINT WARNING * * *
The orc priest closely misses you.
Your horns disappear.
The orc priest calls upon Beogh to heal the orc priest.
The orc priest is healed somewhat.
The orc priest hits you but does no damage.
A leopard gecko comes into view.
The leopard gecko hisses angrily.
The leopard gecko bites you but does no damage.
The orc priest begins to cast a cantrip, but forgets the words!
The leopard gecko barely misses you. The leopard gecko bites you.
* * * LOW HITPOINT WARNING * * *
The orc priest calls upon Beogh to heal the orc priest.
The orc priest is healed somewhat.
The orc priest calls upon Beogh to heal the orc priest.
The orc priest's wounds heal themselves!
The orc priest calls down the wrath of Beogh upon you.
Beogh smites you!
* * * LOW HITPOINT WARNING * * *
The leopard gecko closely misses you.
The orc priest calls down the wrath of Beogh upon you.
Pain shoots through your body!
You die...

#.....o.#.##### #.####.# #....
##.....##.# #......# #.##.
#.#######o.....####.### #
#...#................
..##...#..o..........###
......#.............#
#....l.......####.###
#.........#..........
#...@.....#.#........
#...........#........
#........#..#........ ..
#...####.#..#........ ..#########
##.##(....#.#........ ...........
.. #.....#..........
.........(#######.....#..........
<.........#...g.......#......#.#.
...(........#<........#.#........


You could see 2 orc priests and a leopard gecko.

Vanquished Creatures
  Robin (D:2)
  3 gnolls (D:2)
  2 adders (D:2)
  6 dart slugs
  A leopard gecko (D:2)
  2 orcs (D:2)
  2 giant cockroaches
  14 goblins
  3 hobgoblins
  6 jackals
  6 kobolds
  3 bats
  3 frilled lizards (D:1)
  A leopard gecko skeleton (D:2)
  3 rats
56 creatures vanquished.

Notes
Turn   | Place    | Note
-------+----------+-------------------------------------------
     0 | D:1      | Mgcat the Troll Transmuter began the quest for the Orb.
     0 | D:1      | Reached XP level 1. HP: 18/18 MP: 1/1
    38 | D:1      | Reached skill level 1 in Fighting
   149 | D:1      | Reached XP level 2. HP: 27/27 MP: 3/3
   153 | D:1      | Learned a level 2 spell: Sticks to Snakes
   761 | D:2      | Reached XP level 3. HP: 33/33 MP: 4/4
   791 | D:2      | Reached skill level 2 in Transmutations
   791 | D:2      | Reached XP level 4. HP: 39/41 MP: 5/5
   819 | D:2      | Noticed Robin
   826 | D:2      | HP: 9/42 [goblin/dagger[Robin] (3)]
   831 | D:2      | HP: 10/42 [poisoned by an adder]
   983 | D:2      | Learned a level 3 spell: Spider Form
  1144 | D:2      | Killed Robin
  1290 | D:2      | Found a white marble altar of Elyvilon.
  1378 | D:2      | HP: 9/42 [orc priest/flail (4)]
  1398 | D:2      | HP: 2/42 [orc priest/divine providence (12)]
  1400 | D:2      | Killed from afar by an orc priest

Skill      XL: |  1  2  3 |
---------------+----------+-----
Fighting       | 1 |  1.9
Transmutations | 2 |  2.2
Dodging        | |  1.5
Unarmed Combat | |  3.8
Spellcasting   | |  1.9
Poison Magic   | |  0.2

Action                   |  1- 3 |  4- 6 || total
-------------------------+-------+-------++-------
Melee: Unarmed           |    63 |    88 ||   151
       Punch             |     1 |     1 ||     2
       Kick              |     2 |     1 ||     3
       Headbutt          |       |     1 ||     1
 Cast: Beastly Appendage |     1 |     4 ||     5
  Eat: Chunk             |     5 |    13 ||    18
Armor: Robe              |    27 |    40 ||    67
Dodge: Dodged            |    33 |    54 ||    87

Vault maps used:
D:1:      matt_arrival_diagonals
D:2:      cheibrodos_pilgrimage, kennysheep_ying_yang, grunt_ministairs_11,
          grunt_decor_one_mirror, hex_medium, uniq_robin,
          uniq_crazy_yiuf_cottage

Table legend:
 A = Turns spent in this place as a percentage of turns spent in the entire game.
 B = Non-inter-level travel turns spent in this place as a percentage of non-inter-level travel turns spent in the entire game.
 C = Inter-level travel turns spent in this place as a percentage of turns spent in this place.
 D = Turns resting spent in this place as a percentage of non-inter-level travel turns spent in this place.
 E = Turns spent auto-exploring this place as a percentage of non-inter-level travel turns spent in this place.
 F = Non-inter-level travel turns spent in this place divided by the number of levels of this place that you've seen.
                   A       B       C       D       E      F
               +-------+-------+-------+-------+-------+----------------------
         Total | 100.0 | 100.0 |   3.5 |   0.4 |  73.6 | 675.5
       Dungeon | 100.0 | 100.0 |   3.5 |   0.4 |  73.6 | 675.5
               +-------+-------+-------+-------+-------+----------------------

Table legend:
 A = Kills in this place as a percentage of kills in entire the game.
 B = Kills by you in this place as a percentage of kills by you in the entire game.
 C = Kills by friends in this place as a percentage of kills by friends in the entire game.
 D = Other kills in this place as a percentage of other kills in the entire game.
 E = Experience gained in this place as a percentage of experience gained in the entire game.
 F = Experience gained in this place divided by the number of levels of this place that you have seen.
                   A       B       C       D       E      F
               +-------+-------+-------+-------+-------+----------------------
         Total | 100.0 | 100.0 |   N/A |   N/A | 100.0 |  93.0
       Dungeon | 100.0 | 100.0 |   N/A |   N/A | 100.0 |  93.0
               +-------+-------+-------+-------+-------+----------------------
